 Dungeon Crawl Stone Soup version 0.27-a0-1301-g128193abf8 (webtiles) character file.

Game seed: 8838508928855548818

728 Leszczynek the Chopper (level 8, 14/62 HPs)
             Began as a Human Berserker on June 17, 2021.
             Was a Believer of Trog.
             Quit the game on level 5 of the Dungeon.
             The game lasted 00:11:07 (1215 turns).

Leszczynek the Chopper (Human Berserker)            Turns: 1215, Time: 00:11:08

Health: 14/62      AC:  7    Str: 20    XL:     8   Next: 3%
Magic:  8/8        EV: 10    Int:  7    God:    Trog [**....]
Gold:   80         SH:  0    Dex: 13    Spells: 7/7 levels left

rFire    + . .     SeeInvis .   a - +2 hand axe (vorpal)
rCold    . . .     Faith    .   (no shield)
rNeg     . . .     Spirit   .   l - +0 scale mail
rPois    .         Reflect  .   p - +0 helmet
rElec    .         Harm     .   (no cloak)
rCorr    .         Rampage  .   (no gloves)
Will     .....                  (no boots)
Stlth    ..........             (no amulet)
HPRegen  0.20/turn              j - ring of protection from fire
MPRegen  0.11/turn              (no ring)

@: mildly poisoned (14 -> 11), on berserk cooldown
A: no striking features
a: Renounce Religion, Berserk, Trog's Hand


You were on level 5 of the Dungeon.
You worshipped Trog.
Trog was pleased with you.
You visited 2 branches of the dungeon, and saw 6 of its levels.

You collected 80 gold pieces.

Inventory:

Hand Weapons
 a - a +2 vorpal hand axe (weapon)
 b - a +0 hunting sling
 d - a +0 war axe
Missiles
 k - 21 sling bullets
Armour
 l - a +0 scale mail (worn)
 m - a +0 leather armour
 p - a +0 helmet (worn)
Jewellery
 j - a ring of protection from fire (left hand)
Wands
 o - a wand of flame (15)
Scrolls
 c - a scroll of holy word {unknown}
 e - a scroll of teleportation {unknown}
 f - a scroll of enchant weapon {unknown}
 g - a scroll of amnesia
 i - a scroll of fog {unknown}
 r - a scroll of noise {unknown}
Potions
 h - a potion of curing {unknown}
 n - a potion of brilliance
 q - a potion of flight {unknown}


   Skills:
 + Level 5.1 Fighting
 + Level 7.7 Axes
 - Level 2.0 Armour
 - Level 2.0 Dodging


You had 7 spell levels left.
You didn't know any spells.
Your spell library was empty.

Dungeon Overview and Level Annotations

Branches:
Dungeon (5/15)             Temple (1/1) D:4

Altars:
Ashenzari
Fedhas

Annotations:
D:2 Natasha
D:5 Eustachio


Message History

A gnoll comes into view. It is wielding a +0 club.
The gnoll barely misses you.
Unknown command.
Unknown command.
The gnoll shouts!
A gnoll comes into view. It is wielding a +0 whip.
A scorpion comes into view.
The gnoll shouts!
The gnoll hits you but does no damage.
Unknown command.
The gnoll hits you but does no damage. The gnoll hits you with a +0 flail!
The gnoll barely misses you. The scorpion barely misses you.
The gnoll hits you with a +0 flail. The gnoll closely misses you.
The scorpion stings you.
You are poisoned.
The scorpion poisons you!
An orc comes into view. It is wielding a +0 mace.
You feel very sick.
The orc shouts!
The scorpion stings you but does no damage.
The gnoll barely misses you.
Unknown command.
As you read the scroll labelled BUPITI LIZALLI, it crumbles to dust.
It is a scroll of amnesia.
You feel forgetful for a moment.
You feel sick.
The scorpion stings you but does no damage.
The gnoll hits you from afar with a +0 spear.
The gnoll closely misses you. The gnoll barely misses you.
The scorpion stings you but does no damage.
The gnoll hits you but does no damage.
The gnoll hits you from afar with a +0 spear!
An orc priest comes into view. It is wielding a +0 hand axe.
You feel yourself speed up.
You feel sick.
The orc priest shouts!
You hear a shout!
The scorpion stings you. The gnoll hits you but does no damage.
The orc hits you with a +0 whip.
* * * LOW HITPOINT WARNING * * *
Unknown command.
Are you sure you want to abandon this character and quit the game? (Confirm with "yes".)

##................##.#.##
............####..####..[
#.........#.....# ##..
.##.......g...#.#.#####..
.......g#.....#.....##...
......og####..†.........#
......g.##..............#
......gs#.....#....##....
.......g@..o..#....#..###
.......g.o.......#.....
#........o......##...#..
##............?o.#....#...
..........##........#.....
.........##........##.....
..........##[........
......................
.................$....


You could see a scorpion, an orc priest, 6 gnolls and 4 orcs.

Vanquished Creatures
  A sky beast (D:4)
  A black bear (D:4)
  2 necrophages
  A centaur (D:4)
  2 scorpions (D:5)
  2 hounds
  An iguana (D:4)
  Robin (D:3)
  4 adders
  2 worms (D:3)
  4 ball pythons
  2 endoplasms (D:4)
  2 giant cockroaches
  11 goblins
  10 hobgoblins
  A quokka (D:1)
  4 bats
  4 kobolds
  2 rats (D:1)
57 creatures vanquished.

Notes
Turn   | Place    | Note
-------+----------+-------------------------------------------
     0 | D:1      | Leszczynek the Human Berserker began the quest for the Orb.
     0 | D:1      | Reached XP level 1. HP: 18/18 MP: 1/1
    22 | D:1      | i learned to be very, very careful with slime
    22 | D:1      | hopefully i'll get to put that knowledge to use in less
                  | than 30 games from now :)
   127 | D:1      | Reached XP level 2. HP: 16/24 MP: 2/2
   257 | D:2      | Noticed Natasha
   260 | D:3      | Noticed a necrophage
   279 | D:3      | Killed a necrophage
   280 | D:3      | Reached skill level 5 in Axes
   280 | D:3      | Reached XP level 3. HP: 29/29 MP: 3/3
   280 | D:3      | Reached XP level 4. HP: 35/35 MP: 4/4
   313 | D:3      | Reached XP level 5. HP: 19/41 MP: 5/5
   559 | D:3      | Reached ** piety under Trog
   625 | D:3      | Noticed Robin
   635 | D:3      | Killed Robin
   680 | D:4      | Noticed a necrophage
   699 | D:4      | Killed a necrophage
   700 | D:4      | Reached skill level 6 in Axes
   700 | D:4      | Reached XP level 6. HP: 47/47 MP: 6/6
   710 | D:5      | Entered Level 5 of the Dungeon
   710 | D:5      | Noticed Eustachio
   713 | D:4      | nope
   826 | D:4      | Found a staircase to the Ecumenical Temple.
   828 | D:4      | Noticed a sky beast
   858 | D:4      | Killed a sky beast
   859 | D:4      | Reached skill level 7 in Axes
   859 | D:4      | Reached XP level 7. HP: 45/52 MP: 7/7
   896 | D:4      | HP: 6/52 [centaur/arrow (7)]
   914 | D:4      | HP: 14/78 [centaur (3)]
   924 | Temple   | Entered the Ecumenical Temple
  1030 | D:4      | Reached skill level 4 in Fighting
  1064 | D:4      | Found a broken altar of Ashenzari.
  1120 | D:4      | You pass out from exhaustion.
  1142 | D:5      | Found a blossoming altar of Fedhas.
  1184 | D:5      | Reached skill level 5 in Fighting
  1184 | D:5      | Reached XP level 8. HP: 62/62 MP: 8/8
  1187 | D:5      | You pass out from exhaustion.
  1215 | D:5      | Quit the game

Illustrated notes .# ####.##### ##........# # .........# #.#........# #..........# #.†......# +..@.....## #...).....# #####†....# #.....# ##.....# #......# #'###### #.# #'# Turn 22 on D:1: i learned to be very, very careful with slime

#...(....#..
#.....##.#.#
##...........
#####.......#...#
#.............#
#..........#..#
#..........#..#
###########.†.#
####.#@# #<...#.#
######.####
#....# ####.#
#...# J...###
...... ..n..


Turn 713 on D:4: nope

Levels and vault maps discovered:
D:1:      minmay_arrival_doors, layout_basic, ebering_ecumenical_altar_ruins
D:2:      layout_basic, uniq_natasha
D:3:      cheibrodos_helix_gallery, layout_rooms, amcnicky_altar_gilded,
          corexii_item_surrounded_by_moat, uniq_robin
D:4:      layout_basic, cheibrodos_ashenzari_chains, nicolae_ru_path_of_blood,
          minmay_temple_entry_glass
D:5:      layout_cave_pools, kennysheep_mini, lemuel_zombie_altar_yredelemnul,
          st_stairs_2, uniq_crazy_yiuf_cottage, uniq_eustachio
Temple:   jpeg_temple_alley_garden

Skill      XL: |  1  2  3  4  5  6  7 |
---------------+----------------------+-----
Axes           | 5 6 7 |  7.7
Fighting       | 5 |  5.1
Armour         | |  2.0
Dodging        | |  2.0

Action                   |  1- 3 |  4- 6 |  7- 9 || total
-------------------------+-------+-------+-------++-------
Melee: Hand axe          |    31 |    95 |    35 ||   161
Invok: Berserk           |     1 |     6 |     4 ||    11
  Use: Potion            |     1 |       |     2 ||     3
       Scroll            |       |       |     1 ||     1
 Stab: Sleeping          |     2 |       |       ||     2
Armor: Animal skin       |     4 |    10 |       ||    14
       Leather armour    |       |    16 |    20 ||    36
       Scale mail        |       |       |     9 ||     9
Dodge: Dodged            |    13 |    67 |    36 ||   116

Table legend: (Time is in decaauts)
 A = Elapsed time spent in this place.
 B = Non-inter-level travel time spent in this place.
 C = Inter-level travel time spent in this place.
 D = Time resting spent in this place.
 E = Time spent auto-exploring this place.
 F = Levels seen in this place.
 G = Mean time per level.
                   A        B        C        D        E       F      G
               +--------+--------+--------+--------+--------+-----+--------+
         Total |   1372 |   1353 |     19 |     53 |      0 |   6 |  228.7 |
       Dungeon |   1220 |   1201 |     19 |     53 |      0 |   5 |  244.0 |
        Temple |    152 |    152 |      0 |      0 |      0 |   1 |  152.0 |
               +--------+--------+--------+--------+--------+-----+--------+

Top non-repeatable levels by time:
     D:3: 458 daAuts
     D:4: 394 daAuts
     D:1: 215 daAuts
  Temple: 152 daAuts
     D:5: 104 daAuts
     D:2: 46 daAuts
